 Dungeon Crawl Stone Soup version 0.22-a0-417-g1387785 (webtiles) character file.

97 galech the Sneak (level 4, -5/34 HPs)
             Began as a Gnoll Wanderer on May 14, 2018.
             Killed by divine providence
             ... invoked by an orc priest
              (16 damage)
             ... on level 3 of the Dungeon.
             The game lasted 00:02:58 (2518 turns).

galech the Sneak (Gnoll Wanderer)                   Turns: 2518, Time: 00:03:00

Health: -5/34      AC:  8    Str: 13    XL:     4   Next: 68%
Magic:  11/11      EV:  6    Int: 16    God:
Gold:   46         SH:  5    Dex: 15    Spells: 13/13 levels left

rFire    . . .     SeeInvis .   r - +2 short sword (drain)
rCold    + . .     Gourm    .   g - +1 buckler {reflect}
rNeg     . . .     Faith    .   s - +0 chain mail
rPois    .         Spirit   .   (no helmet)
rElec    .         Reflect  +   (no cloak)
rCorr    .         Harm     .   (no gloves)
MR       +....                  (no boots)
Stlth    ..........             (no amulet)
HPRegen  0.11/turn              o - ring of protection from magic
MPRegen  0.12/turn              t - ring of protection from cold

@: drained
A: distributed training, fangs 1, strong nose
a: no special abilities


You were on level 3 of the Dungeon.
You were not hungry.

You visited 1 branch of the dungeon, and saw 3 of its levels.

You collected 46 gold pieces.

Inventory:

Hand Weapons
 a - a +2 dagger
 r - a +2 short sword of draining (weapon)
Missiles
 i - 20 bolts
Armour
 e - a +0 robe
 g - a +1 buckler of reflection (worn)
 s - a +0 chain mail (worn)
Jewellery
 o - a ring of protection from magic (left hand)
 t - a ring of protection from cold (right hand)
Wands
 q - a wand of polymorph (5)
Scrolls
 c - 3 scrolls of enchant armour {unknown}
 d - a scroll of immolation {unknown}
 h - 2 scrolls of teleportation {unknown}
 j - 6 scrolls of identify {unknown}
 l - a scroll of enchant weapon {unknown}
 n - a scroll of fog {unknown}
 u - a scroll of remove curse {unknown}
Potions
 b - 2 potions of berserk rage
 k - a potion of resistance {unknown}
 m - 2 potions of curing {unknown}
 p - 2 potions of lignification {unknown}
Comestibles
 f - 3 rations


   Skills:
 + Level 2.8(2.4) Fighting
 + Level 1.2(0.8) Short Blades
 + Level 1.2(0.8) Long Blades
 + Level 1.2(0.8) Axes
 + Level 1.2(0.8) Maces & Flails
 + Level 1.2(0.8) Polearms
 + Level 1.2(0.8) Staves
 + Level 1.2(0.8) Slings
 + Level 1.2(0.8) Bows
 + Level 1.2(0.8) Crossbows
 + Level 1.2(0.8) Throwing
 + Level 1.2(0.8) Armour
 + Level 4.6(4.3) Dodging
 + Level 6.0(5.6) Stealth
 + Level 1.2(0.8) Shields
 + Level 2.8(2.4) Unarmed Combat
 + Level 5.1(4.7) Spellcasting
 + Level 1.0(0.6) Conjurations
 + Level 1.0(0.6) Hexes
 + Level 1.0(0.6) Charms
 + Level 1.0(0.6) Summonings
 + Level 1.0(0.6) Necromancy
 + Level 2.2(1.9) Translocations
 + Level 1.0(0.6) Transmutations
 + Level 1.0(0.6) Fire Magic
 + Level 1.0(0.6) Ice Magic
 + Level 1.0(0.6) Air Magic
 + Level 1.0(0.6) Earth Magic
 + Level 1.0(0.6) Poison Magic
 + Level 1.3(0.9) Invocations
 + Level 1.2(0.8) Evocations


You had 13 spell levels left.
You didn't know any spells.
Your spell library contained the following spells:

 Spells                   Type           Power        Failure   Level  Hunger
 Apportation              Tloc           #.....       98%         1    None
 Mephitic Cloud           Conj/Pois/Air  #.......     100%        3    ###....
 Recall                   Summ/Tloc      N/A          100%        3    ###....
 Flame Tongue             Conj/Fire      #....        99%         1    None


Dungeon Overview and Level Annotations

Branches:
Dungeon (3/15)

Altars:
Sif Muna


Innate Abilities, Weirdness & Mutations

Your experience applies equally to all skills.
You have very sharp teeth.
Your uncanny sense of smell can sniff out nearby items.


Message History

The orc shouts!
The orc priest shouts!
The orc priest begins to cast a cantrip, but forgets the words!
Found a stone staircase leading down.
The orc hits you but does no damage.
You see here 7 gold pieces.
Your chain mail prevents you from hitting the orc.
The orc priest invokes the aid of Beogh against you.
Beogh smites you!
You hear a shout!
You hit the orc. You drain the orc!
You kill the orc!
You barely miss the orc.
An orc comes into view.
You hit the orc. You drain the orc!
You kill the orc!
The orc priest invokes the aid of Beogh against you.
Beogh smites you!
The orc priest calls down the wrath of Beogh upon you.
Beogh smites you!
You die...

#.##. #. #.##.
.. #.##.###.#
#.. .....# #.#
#..#.# ∆ #.#
#....#
#.o###[###..#
#...o.@.....#
#>####.####.#
.# #.# #.# #.#
#.# #.# #.# #.#
#.# #.# #.# #.#
##.## #.# #.#
##...###.####.#
#.............#


You could see an orc priest and an orc.

Vanquished Creatures
  5 adders
  4 dart slugs
  A leopard gecko (D:3)
  2 orcs (D:3)
  2 ball pythons
  4 goblins
  9 hobgoblins
  6 kobolds
  4 bats
  2 frilled lizards (D:1)
  4 rats
43 creatures vanquished.

Notes
Turn   | Place    | Note
-------+----------+-------------------------------------------
     0 | D:1      | galech the Gnoll Wanderer began the quest for the Orb.
     0 | D:1      | galech set off with: a +2 dagger, a potion of berserk rage, a +0 robe, a ration
     0 | D:1      | Reached XP level 1. HP: 17/17 MP: 6/6
   234 | D:1      | Reached XP level 2. HP: 23/23 MP: 7/7
   838 | D:1      | Reached XP level 3. HP: 23/28 MP: 9/9
   971 | D:1      | Reached skill level 5 in Spellcasting
  1189 | D:2      | Reached skill level 6 in Stealth
  1275 | D:2      | Reached skill level 1 in Invocations
  1467 | D:2      | Noticed a bullfrog
  1493 | D:2      | Found a deep blue altar of Sif Muna.
  2096 | D:3      | Reached skill level 1 in Short Blades
  2096 | D:3      | Reached skill level 1 in Long Blades
  2096 | D:3      | Reached skill level 1 in Axes
  2096 | D:3      | Reached skill level 1 in Maces & Flails
  2096 | D:3      | Reached skill level 1 in Polearms
  2096 | D:3      | Reached skill level 1 in Staves
  2096 | D:3      | Reached skill level 1 in Slings
  2096 | D:3      | Reached skill level 1 in Bows
  2096 | D:3      | Reached skill level 1 in Crossbows
  2096 | D:3      | Reached skill level 1 in Throwing
  2096 | D:3      | Reached skill level 1 in Armour
  2096 | D:3      | Reached skill level 1 in Shields
  2096 | D:3      | Reached skill level 1 in Evocations
  2096 | D:3      | Reached XP level 4. HP: 34/34 MP: 11/11
  2497 | D:3      | Reached skill level 1 in Conjurations
  2497 | D:3      | Reached skill level 1 in Hexes
  2497 | D:3      | Reached skill level 1 in Charms
  2497 | D:3      | Reached skill level 1 in Summonings
  2497 | D:3      | Reached skill level 1 in Necromancy
  2497 | D:3      | Reached skill level 1 in Transmutations
  2497 | D:3      | Reached skill level 1 in Fire Magic
  2497 | D:3      | Reached skill level 1 in Ice Magic
  2497 | D:3      | Reached skill level 1 in Air Magic
  2497 | D:3      | Reached skill level 1 in Earth Magic
  2497 | D:3      | Reached skill level 1 in Poison Magic
  2518 | D:3      | Killed from afar by an orc priest

Vault maps used:
D:1:      dpeg_arrival_erosion
D:2:      lemuel_blue_sif_altar, grunt_ministairs_13, lightli_corner_chamber
D:3:      first_ration

Skill      XL: |  1  2  3  4 |
---------------+-------------+-----
Translocations | 2 |  2.2
Spellcasting   | 5 |  5.1
Stealth        | 6 |  6.0
Invocations    | 1 |  1.3
Short Blades   | 1 |  1.2
Long Blades    | 1 |  1.2
Axes           | 1 |  1.2
Maces & Flails | 1 |  1.2
Polearms       | 1 |  1.2
Staves         | 1 |  1.2
Slings         | 1 |  1.2
Bows           | 1 |  1.2
Crossbows      | 1 |  1.2
Throwing       | 1 |  1.2
Armour         | 1 |  1.2
Shields        | 1 |  1.2
Evocations     | 1 |  1.2
Conjurations   | 1 |  1.0
Hexes          | 1 |  1.0
Charms         | 1 |  1.0
Summonings     | 1 |  1.0
Necromancy     | 1 |  1.0
Transmutations | 1 |  1.0
Fire Magic     | 1 |  1.0
Ice Magic      | 1 |  1.0
Air Magic      | 1 |  1.0
Earth Magic    | 1 |  1.0
Poison Magic   | 1 |  1.0
Fighting       | |  2.8
Dodging        | |  4.6
Unarmed Combat | |  2.8

Action                   |  1- 3 |  4- 6 || total
-------------------------+-------+-------++-------
Melee: Dagger            |    74 |       ||    74
       Bite              |     6 |     5 ||    11
       Short sword       |     5 |    46 ||    51
 Stab: Sleeping          |    10 |       ||    10
  Eat: Chunk             |     1 |     1 ||     2
       Ration            |     1 |       ||     1
Armor: Robe              |     4 |     5 ||     9
       Chain mail        |       |     4 ||     4
Dodge: Dodged            |    30 |    33 ||    63
Block: Buckler           |    11 |    13 ||    24

Table legend:
 A = Spawn XP
 B = Non-spawn XP
 C = Spawn XP percentage of total XP
 D = Spawn monster count
 E = Non-spawn monster count
 F = Spawn count percentage of total count
 G = Total turns spent on level
                    A         B        C        D         E        F      G
               +---------+---------+-------+---------+---------+-------+---------
         Total |       0 |     139 |   0.0 |       0 |      43 |   0.0 |  2518
               +---------+---------+-------+---------+---------+-------+---------
           D:1 |       0 |      38 |   0.0 |       0 |      20 |   0.0 |  1089
           D:2 |       0 |      24 |   0.0 |       0 |       7 |   0.0 |   952
           D:3 |       0 |      77 |   0.0 |       0 |      16 |   0.0 |   477
               +---------+---------+-------+---------+---------+-------+---------
